 Dungeon Crawl Stone Soup version 0.25-a0-161-gb7fd73da8f (webtiles) character file.

Game seed: 9348071649756466897, levelgen mode: deterministic

7 vurker the Skirmisher (level 2, 0/24 HPs)
             Began as a Formicid Abyssal Knight on Nov 21, 2019.
             Was an Initiate of Lugonu.
             Slain by a rat (2 damage)
             ... on level 1 of the Dungeon.
             The game lasted 00:00:57 (424 turns).

vurker the Skirmisher (Formicid Abyssal Knight)      Turns: 424, Time: 00:00:58

Health: 0/24       AC:  3    Str: 16    XL:     2   Next: 10%
Magic:  3/3        EV: 11    Int: 11    God:    Lugonu [......]
Gold:   32         SH:  0    Dex: 14    Spells: 1/1 levels left

rFire    . . .     SeeInvis +   a - +1 mace
rCold    . . .     Gourm    .   (no shield)
rNeg     + . .     Faith    .   b - +0 leather armour
rPois    .         Spirit   .   (helmet unavailable)
rElec    .         Reflect  .   (no cloak)
rCorr    .         Harm     .   (no gloves)
MR       .....                  (no boots)
Stlth    +.........             (no amulet)
HPRegen  0.08/turn              c - +4 ring of dexterity
MPRegen  0.08/turn              g - ring of positive energy

@: no status effects
A: permanent stasis, dig shafts and tunnels, four strong arms, antennae 3
a: Dig, Shaft Self, Renounce Religion


You were on level 1 of the Dungeon.
You worshipped Lugonu.
Lugonu was noncommittal.
You were not hungry.

You visited 1 branch of the dungeon, and saw 1 of its levels.
You visited the Abyss 1 time.

You collected 32 gold pieces.

Inventory:

Hand Weapons
 a - a +1 mace (weapon)
Armour
 b - a +0 leather armour (worn)
Jewellery
 c - a +4 ring of dexterity (left hand)
   (You found it on level 1 of the Abyss)
 g - a ring of positive energy (right hand)
   (You found it on level 1 of the Dungeon)
Scrolls
 d - a scroll of identify {unknown}
Comestibles
 e - a ration
 f - 6 chunks of flesh


   Skills:
 + Level 3.4 Fighting
 * Level 2.3 Maces & Flails
 - Level 2.1 Armour
 - Level 0.8 Dodging
 + Level 2.4 Invocations


You had one spell level left.
You didn't know any spells.
Your spell library was empty.

Dungeon Overview and Level Annotations

Branches:
Dungeon (1/15)

Altars:


Innate Abilities, Weirdness & Mutations

You cannot be hasted, slowed, berserked, paralysed or teleported.
You can dig through walls and to a lower floor.
Your four strong arms can wield two-handed weapons with a shield.
You have a pair of large antennae on your head. (SInv)


Message History

You dig through the rock wall.
You dig through the rock wall.
The goblin closely misses you.
You retract your mandibles.
You sock the goblin!
You kill the goblin!
Lugonu accepts your kill.
No target in view!
No target in view!
No target in view!
No target in view!
The ball python completely misses you. The ball python grabs you.
The ball python constricts you.
You barely miss the ball python.
The ball python bites you but does no damage.
The ball python constricts you.
You sock the ball python!
You kill the ball python!
Lugonu accepts your kill.
The hobgoblin hits you with a +0 short sword.
You hit the hobgoblin. The hobgoblin closely misses you.
You closely miss the hobgoblin.
The hobgoblin hits you with a +0 short sword.
You closely miss the hobgoblin.
The hobgoblin hits you with a +0 short sword!
* * * LOW HITPOINT WARNING * * *
You hit the hobgoblin.
The hobgoblin hits you with a +0 short sword.
* * * LOW HITPOINT WARNING * * *
The hobgoblin hits you with a +0 short sword.
* * * LOW HITPOINT WARNING * * *
You extend your mandibles.
You dig through the rock wall.
You dig through the rock wall.
You retract your mandibles.
Things that are here:
a +0 dagger; a goblin skeleton A rat comes into view.
The rat bites you but does no damage.
You hit the rat but do no damage. The rat misses you.
The hobgoblin barely misses you.
You barely miss the rat. The rat bites you.
* * * LOW HITPOINT WARNING * * *
The hobgoblin hits you but does no damage.
You barely miss the rat. The rat barely misses you.
The hobgoblin hits you with a +0 short sword.
* * * LOW HITPOINT WARNING * * *
The rat bites you but does no damage.
You closely miss the rat.
The hobgoblin hits you but does no damage.
The rat bites you.
You die...

#.#≈≈≈♣≈♣≈≈≈≈#
#> #.#≈
♣...P..≈# ##
#.#≈♣♣♣..PP.≈#
#.#≈.♣...P..≈#
#.#♣.......♣♣##
#......<.....).
#K#♣.......♣♣#.
#g#≈.P...P..≈#
#@#≈PPP.PPP.≈#
#r#≈.P...P..≈#
#.#≈≈≈♣.♣≈≈≈≈#
#.#####.######
#.. ..# ###


You could see a hobgoblin, a kobold and a rat.

Vanquished Creatures
  A dart slug (D:1)
  A ball python (D:1)
  A bat (D:1)
  A frilled lizard (D:1)
  3 goblins (D:1)
7 creatures vanquished.

Vanquished Creatures (others)
  5 toadstools (D:1)
5 creatures vanquished.

Grand Total: 12 creatures vanquished

Notes
Turn   | Place    | Note
-------+----------+-------------------------------------------
     0 | Abyss:1  | vurker the Formicid Abyssal Knight began the quest for the
                  | Orb.
     0 | Abyss:1  | Reached XP level 1. HP: 18/18 MP: 2/2
    65 | Abyss:1  | Noticed a large abomination
    66 | D:1      | Escaped the Abyss
   361 | D:1      | Reached XP level 2. HP: 24/24 MP: 3/3
   424 | D:1      | Slain by a rat

Levels and vault maps discovered:
D:1:      ldierk_walled_garden, layout_rooms, minmay_tiny_reverse_x

Action                   || total
-------------------------++-------
Melee: Mace              ||    24
Invok: Depart the Abyss  ||     1
 Abil: Dig               ||     2
Armor: Leather armour    ||    10
Dodge: Dodged            ||    12

Table legend:
 A = Non-vault XP
 B = Vault XP
 C = Vault XP percentage of total XP
 D = Non-vault monster count
 E = Vault monster count
 F = Vault count percentage of total count
                 A         B        C        D         E       F
            +---------+---------+-------+---------+---------+-------
      Total |      10 |       1 |   9.1 |       6 |       1 |  14.3
            +---------+---------+-------+---------+---------+-------
        D:1 |      10 |       1 |   9.1 |       6 |       1 |  14.3
            +---------+---------+-------+---------+---------+-------
